Rangers vs Senateurs
Created - 10 novembre 2016 at 19:10
Goals
|
| Rangers |
0 |
2 |
1 |
3 |
| Senateurs |
1 |
1 |
0 |
2 |
|
Shots
|
| Rangers |
3 |
13 |
4 |
20 |
| Senateurs |
15 |
11 |
15 |
41 |
|
1st period
1. Senateurs , Thomas Vanek 4 (Carlo Colaiacovo) at 17:21
Penalties :
Patrice Bergeron (NYR) for Tripping (Minor) at 1:41, Jakob Silfverberg (NYR) for Tripping (Minor) at 18:45
2nd period
2. Rangers , Stephen Weiss 6 (Jakob Silfverberg) at 0:54
3. Senateurs , Brenden Morrow 3 (B.J. Crombeen) at 12:33
4. Rangers , Patrice Bergeron 5 (Matt Greene, Cam Barker) at 12:43
Penalties :
Vitaly Vishnevsky (Ott) for Tripping (Minor) at 7:36
3rd period
5. Rangers , Patrice Bergeron 6 (Drew Stafford, Milan Lucic) at 11:12
Penalties :
Kurtis Foster (Ott) for Tripping (Minor) at 11:34, Cam Barker (NYR) for Tripping (Minor) at 19:44
Goalie Stats
Hannu Toivonen (NYR), 39 saves from 41 shots - (0,951), W, 2-0-0, 60:00 minutes
Ondrej Pavelec (Ott), 17 saves from 20 shots - (0,850), L, 4-2-1, 58:54 minutes
Players Stats for Rangers
Player Name G A P +/- PIM S H SB GA TA FO MP PP MP PK MP
------------------------------------------------------------------------------------
Alexandre Bolduc 0 0 0 0 0 0 0 0 0 0 0/1 6:02 0:00 0:00
Alexei Emelin 0 0 0 0 0 0 1 1 0 0 0/0 21:08 1:32 0:37
Bryan Young 0 0 0 1 0 0 1 3 0 0 0/0 10:26 0:00 0:00
Cam Barker 0 1 1 0 2 3 3 4 0 0 0/0 27:23 2:26 3:21
Drew Stafford 0 1 1 2 0 1 1 0 1 0 1/2 18:11 2:00 0:00
Gustav Nyquist 0 0 0 0 0 1 1 0 0 0 0/0 6:37 0:16 0:00
Jakob Silfverberg 0 1 1 0 2 1 3 1 1 0 0/1 17:45 1:42 0:00
Matt Greene 0 1 1 0 0 2 2 3 0 1 0/0 27:49 2:26 3:36
Matt Read 0 0 0 -1 0 0 1 0 1 0 0/2 13:39 0:16 0:00
Mike Cammalleri 0 0 0 0 0 0 1 0 0 0 0/0 18:48 1:42 1:02
Milan Lucic 0 1 1 2 0 4 3 2 0 1 4/9 26:11 2:00 3:22
Nathan Gerbe 0 0 0 -1 0 0 1 0 0 0 0/0 13:04 0:00 0:00
Patrice Bergeron 2 0 2 2 2 4 1 1 1 0 16/27 20:27 2:00 2:08
Ryan Johansen 0 0 0 0 0 0 0 0 0 0 0/0 2:08 0:16 0:00
Ryan Suter 0 0 0 0 0 0 1 1 0 1 0/0 20:00 1:32 0:52
Staffan Kronwall 0 0 0 1 0 0 2 0 0 1 0/0 13:13 0:00 0:00
Stephen Weiss 1 0 1 0 0 2 3 0 0 0 8/15 18:24 1:42 0:38
Valtteri Filppula 0 0 0 -1 0 2 1 1 0 0 1/2 14:29 0:00 1:16
Players Stats for Senateurs
Player Name G A P +/- PIM S H SB GA TA FO MP PP MP PK MP
------------------------------------------------------------------------------------
Andrew Ebbett 0 0 0 0 0 2 0 0 0 0 0/1 8:47 0:00 1:14
Andy McDonald 0 0 0 0 0 1 2 0 0 0 0/0 8:29 0:00 0:56
B.J. Crombeen 0 1 1 1 0 4 3 0 0 0 0/0 15:55 1:36 0:00
Brad Richards 0 0 0 1 0 4 4 0 1 0 6/12 16:49 1:36 0:54
Brandon Dubinsky 0 0 0 0 0 2 2 0 0 0 2/6 10:49 0:00 0:00
Brenden Morrow 1 0 1 1 0 4 2 0 0 0 0/0 16:49 1:36 0:54
Carlo Colaiacovo 0 1 1 0 0 0 1 1 0 0 0/0 18:59 1:17 1:42
Dan Girardi 0 0 0 0 0 0 0 1 0 0 0/0 13:37 0:00 0:19
Dan Hamhuis 0 0 0 -1 0 1 1 1 1 0 0/0 27:47 2:56 2:16
Darcy Hordichuk 0 0 0 0 0 2 2 0 0 0 0/0 10:49 0:00 0:00
George Parros 0 0 0 0 0 2 1 1 1 0 0/0 10:49 0:00 0:00
Gilbert Brule 0 0 0 -2 0 4 1 0 0 1 20/37 23:44 2:37 1:59
Johan Franzen 0 0 0 -2 0 4 4 1 0 0 0/1 21:45 2:37 0:00
Kurtis Foster 0 0 0 -1 2 2 2 1 0 1 0/0 27:10 2:56 1:03
Milan Hejduk 0 0 0 0 0 0 1 1 0 0 0/0 6:54 0:00 0:00
Thomas Vanek 1 0 1 -2 0 4 1 1 1 0 1/2 23:44 2:37 1:59
Vitaly Vishnevsky 0 0 0 0 2 4 1 0 0 2 0/0 18:09 1:17 0:46
Vladimir Mihalik 0 0 0 0 0 1 0 1 0 0 0/0 14:55 0:00 1:50
3 Stars
1 - Patrice Bergeron (NYR)
2 - Hannu Toivonen (NYR)
3 - Brenden Morrow (Ott)
Power Play
Rangers - 0 on 2 Attempt(s) - 0,00%
Senateurs - 0 on 3 Attempt(s) - 0,00%
Penalty Kill
Rangers - 3 on 3 Attempt(s) - 100,00%
- Score 0 goal in Penalty Kill
Senateurs - 2 on 2 Attempt(s) - 100,00%
- Score 0 goal in Penalty Kill
Team Stat
Rangers - Hits : 26 - Faceoff Wins : 30 - Blocked Shots : 17 - Penalty Minutes : 6
Senateurs - Hits : 28 - Faceoff Wins : 29 - Blocked Shots : 9 - Penalty Minutes : 4
Official
Referees : Pollock Kevin and Banfield David
Linesman : Shane Heyer and Pierre Racicot
Game Notes
Bryan Young is injured at 11:02 of 3rd period (Bruised Left Shoulder)
Finance
Level 1 -- Attendance: 6000 (100,00%) -- Ticket Income 480 000 $
Level 2 -- Attendance: 5000 (100,00%) -- Ticket Income 250 000 $
Level 3 -- Attendance: 1982 (99,10%) -- Ticket Income 59 460 $
Level 4 -- Attendance: 2722 (68,05%) -- Ticket Income 68 050 $
Luxury Box -- Attendance: 885 (88,50%) -- Ticket Income 137 175 $
Game was played at the Place Banque Scotia.
Total Attendance: 16589 (92,16%)
Total Ticket Income: 994 685 $
Other Income: 149 203 $
Total Income: 1 143 888 $
Rangers
5 vs 5 Forward
Center Left Wing Right Wing Time % Phy DF OF
1 Patrice Bergeron Milan Lucic Drew Stafford 40 1 2 2
2 Stephen Weiss Mike Cammalleri Jakob Silfverberg 30 1 2 2
3 Valtteri Filppula Nathan Gerbe Matt Read 20 1 2 2
4 Alexandre Bolduc Milan Lucic Gustav Nyquist 10 1 2 2
5 vs 5 Defense
Defense Defense Time % Phy DF OF
1 Cam Barker Matt Greene 40 1 2 2
2 Ryan Suter Alexei Emelin 30 1 2 2
3 Staffan Kronwall Bryan Young 20 1 2 2
4 Cam Barker Matt Greene 10 1 2 2
PowerPlay Forward
Center Left Wing Right Wing Time % Phy DF OF
1 Patrice Bergeron Milan Lucic Drew Stafford 60 1 2 2
2 Stephen Weiss Mike Cammalleri Jakob Silfverberg 40 1 2 2
PowerPlay Defense
Defense Defense Time % Phy DF OF
1 Cam Barker Matt Greene 60 1 2 2
2 Ryan Suter Alexei Emelin 40 1 2 2
Penalty Kill 4 Players Forward
Center Wing Time % Phy DF OF
1 Milan Lucic Patrice Bergeron 60 1 2 2
2 Stephen Weiss Mike Cammalleri 40 1 2 2
Penalty Kill 4 Players Defense
Defense Defense Time % Phy DF OF
1 Cam Barker Matt Greene 60 1 2 2
2 Ryan Suter Alexei Emelin 40 1 2 2
Penalty Kill - 3 Players Forward
Forward Time % Phy DF OF
1 Milan Lucic 60 1 2 2
2 Patrice Bergeron 40 1 2 2
Penalty Kill - 3 Players Defense
Defense Defense Time % Phy DF OF
1 Cam Barker Matt Greene 60 1 2 2
2 Ryan Suter Alexei Emelin 40 1 2 2
4 vs 4 Forward
Center Wing Time % Phy DF OF
1 Milan Lucic Patrice Bergeron 60 1 2 2
2 Stephen Weiss Mike Cammalleri 40 1 2 2
4 vs 4 Defense
Defense Defense Time % Phy DF OF
1 Cam Barker Matt Greene 60 1 2 2
2 Ryan Suter Alexei Emelin 40 1 2 2
Last Minutes Offensive
Center Left Wing Right Wing Defense Defense
Patrice Bergeron Milan Lucic Drew Stafford Cam Barker Matt Greene
Last Minutes Defensive
Center Left Wing Right Wing Defense Defense
Patrice Bergeron Milan Lucic Drew Stafford Cam Barker Matt Greene
Goaltenders
Starting : Hannu Toivonen
Backup : Henrik Lundqvist
Extra Forwards
Normal : Ryan Johansen, Matt Read, Valtteri Filppula - PP : Ryan Johansen, Matt Read - PK : Valtteri Filppula
Extra Defensemen
Normal : Staffan Kronwall, Bryan Young, Ryan Suter - PP : Staffan Kronwall - PK : Bryan Young, Ryan Suter
Penalty Shots
Milan Lucic, Patrice Bergeron, Stephen Weiss, Mike Cammalleri, Drew Stafford
Senateurs
5 vs 5 Forward
Center Left Wing Right Wing Time % Phy DF OF
1 Gilbert Brule Thomas Vanek Johan Franzen 40 1 2 2
2 Brad Richards Brenden Morrow B.J. Crombeen 30 1 2 2
3 Brandon Dubinsky Darcy Hordichuk George Parros 20 1 2 2
4 Andrew Ebbett Andy McDonald Milan Hejduk 10 1 2 2
5 vs 5 Defense
Defense Defense Time % Phy DF OF
1 Kurtis Foster Dan Hamhuis 40 1 2 2
2 Vitaly Vishnevsky Carlo Colaiacovo 30 1 2 2
3 Dan Girardi Vladimir Mihalik 20 1 2 2
4 Kurtis Foster Dan Hamhuis 10 1 2 2
PowerPlay Forward
Center Left Wing Right Wing Time % Phy DF OF
1 Gilbert Brule Thomas Vanek Johan Franzen 60 1 1 3
2 Brad Richards Brenden Morrow B.J. Crombeen 40 1 1 3
PowerPlay Defense
Defense Defense Time % Phy DF OF
1 Kurtis Foster Dan Hamhuis 60 1 2 2
2 Vitaly Vishnevsky Carlo Colaiacovo 40 1 2 2
Penalty Kill 4 Players Forward
Center Wing Time % Phy DF OF
1 Gilbert Brule Thomas Vanek 60 1 2 2
2 Brad Richards Brenden Morrow 40 1 2 2
Penalty Kill 4 Players Defense
Defense Defense Time % Phy DF OF
1 Kurtis Foster Dan Hamhuis 60 1 2 2
2 Vitaly Vishnevsky Carlo Colaiacovo 40 1 2 2
Penalty Kill - 3 Players Forward
Forward Time % Phy DF OF
1 Gilbert Brule 60 1 2 2
2 Thomas Vanek 40 1 2 2
Penalty Kill - 3 Players Defense
Defense Defense Time % Phy DF OF
1 Kurtis Foster Dan Hamhuis 60 1 2 2
2 Vitaly Vishnevsky Carlo Colaiacovo 40 1 2 2
4 vs 4 Forward
Center Wing Time % Phy DF OF
1 Gilbert Brule Thomas Vanek 60 1 2 2
2 Brad Richards Brenden Morrow 40 1 2 2
4 vs 4 Defense
Defense Defense Time % Phy DF OF
1 Kurtis Foster Dan Hamhuis 60 1 2 2
2 Vitaly Vishnevsky Carlo Colaiacovo 40 1 2 2
Last Minutes Offensive
Center Left Wing Right Wing Defense Defense
Gilbert Brule Thomas Vanek Johan Franzen Kurtis Foster Dan Hamhuis
Last Minutes Defensive
Center Left Wing Right Wing Defense Defense
Gilbert Brule Thomas Vanek Johan Franzen Kurtis Foster Dan Hamhuis
Goaltenders
Starting : Ondrej Pavelec
Backup : Jonas Gustavsson
Extra Forwards
Normal : Darcy Hordichuk, Andy McDonald, Andrew Ebbett - PP : Darcy Hordichuk, Andy McDonald - PK : Andrew Ebbett
Extra Defensemen
Normal : Dan Girardi, Vladimir Mihalik, Vitaly Vishnevsky - PP : Dan Girardi - PK : Vladimir Mihalik, Vitaly Vishnevsky
Penalty Shots
Gilbert Brule, Thomas Vanek, Brad Richards, Brenden Morrow, Johan Franzen
% Time on Ice - Rangers
Lines # - Real PCT - Wanted PCT - Time Play
Normal Forward
1 - 31% - 40% - 15:46
2 - 32% - 30% - 16:04
3 - 26% - 20% - 13:04
4 - 12% - 10% - 6:02
Normal Defense
1 - 36% - 40% - 18:20
2 - 32% - 30% - 16:27
3 - 28% - 20% - 14:06
4 - 4% - 10% - 2:03
PP Forward
1 - 57% - 60% - 2:16
2 - 43% - 40% - 1:42
PP Defense
1 - 61% - 60% - 2:26
2 - 39% - 40% - 1:32
PK Forward
1 - 85% - 60% - 3:35
2 - 15% - 40% - 0:38
PK Defense
1 - 85% - 60% - 3:36
2 - 15% - 40% - 0:37
PK3 Forward
1 - 0% - 60%
2 - 0% - 40%
PK3 Defense
1 - 0% - 60%
2 - 0% - 40%
44 Forward
1 - 0% - 60%
2 - 0% - 40%
44 Defense
1 - 0% - 60%
2 - 0% - 40%
Last Minute Offensive - 0:00
Last Minute Defensive - 0:53
Total
Forward - 60:00
Defense - 60:00
|
% Time on Ice - Senateurs
Lines # - Real PCT - Wanted PCT - Time Play
Normal Forward
1 - 37% - 40% - 19:02
2 - 28% - 30% - 14:19
3 - 21% - 20% - 10:49
4 - 14% - 10% - 6:54
Normal Defense
1 - 38% - 40% - 19:23
2 - 31% - 30% - 15:50
3 - 25% - 20% - 12:52
4 - 6% - 10% - 2:59
PP Forward
1 - 62% - 60% - 2:37
2 - 38% - 40% - 1:36
PP Defense
1 - 70% - 60% - 2:56
2 - 30% - 40% - 1:17
PK Forward
1 - 77% - 60% - 3:04
2 - 23% - 40% - 0:54
PK Defense
1 - 57% - 60% - 2:16
2 - 43% - 40% - 1:42
PK3 Forward
1 - 0% - 60%
2 - 0% - 40%
PK3 Defense
1 - 0% - 60%
2 - 0% - 40%
44 Forward
1 - 0% - 60%
2 - 0% - 40%
44 Defense
1 - 0% - 60%
2 - 0% - 40%
Last Minute Offensive - 0:45
Last Minute Defensive - 0:00
Total
Forward - 60:00
Defense - 60:00
|
Play by Play
1st period
0:01 of 1st period - Gilbert Brule wins face-off versus Patrice Bergeron in neutral zone.
0:25 of 1st period - Brad Richards is hit by Stephen Weiss and loses puck.
1:39 of 1st period - Snap shot by Thomas Vanek.
1:39 of 1st period - Shot Misses the Net.
1:41 of 1st period - Minor Penalty to Patrice Bergeron for Tripping.
1:42 of 1st period - Milan Lucic wins face-off versus Gilbert Brule in Rangers zone.
2:39 of 1st period - Icing by Johan Franzen.
2:40 of 1st period - Valtteri Filppula wins face-off versus Gilbert Brule in Senateurs zone.
2:57 of 1st period - Slapshot by Vitaly Vishnevsky.
2:57 of 1st period - Stopped by Hannu Toivonen without a rebound.
2:58 of 1st period - Milan Lucic wins face-off versus Brad Richards in Rangers zone.
3:41 of 1st period - Penalty to Patrice Bergeron is over, Patrice Bergeron is back on ice.
3:47 of 1st period - Wrist shot by Brenden Morrow.
3:47 of 1st period - Stopped by Hannu Toivonen with a rebound.
3:49 of 1st period - Slapshot by Vladimir Mihalik.
3:49 of 1st period - Stopped by Hannu Toivonen without a rebound.
3:50 of 1st period - Stephen Weiss wins face-off versus Gilbert Brule in Rangers zone.
3:50 of 1st period - Stephen Weiss is hit by Johan Franzen.
5:39 of 1st period - Valtteri Filppula is hit by Milan Hejduk and loses puck.
6:04 of 1st period - Wrist shot by Patrice Bergeron.
6:04 of 1st period - Shot Blocked by Milan Hejduk.
6:22 of 1st period - Andrew Ebbett is hit by Jakob Silfverberg and loses puck.
6:37 of 1st period - Wrist shot by Brenden Morrow.
6:37 of 1st period - Deflect By B.J. Crombeen.
6:37 of 1st period - Stopped by Hannu Toivonen with a rebound.
6:39 of 1st period - Slapshot by Brenden Morrow.
6:39 of 1st period - Shot Misses the Net.
6:41 of 1st period - Snap shot by Brad Richards.
6:41 of 1st period - Stopped by Hannu Toivonen without a rebound.
6:42 of 1st period - Stephen Weiss wins face-off versus Thomas Vanek in Rangers zone.
6:49 of 1st period - Stephen Weiss is hit by Kurtis Foster and loses puck.
6:54 of 1st period - Snap shot by Gilbert Brule.
6:54 of 1st period - Shot Misses the Net.
6:56 of 1st period - Slapshot by Kurtis Foster.
6:56 of 1st period - Shot Misses the Net.
6:58 of 1st period - Snap shot by Thomas Vanek.
6:58 of 1st period - Stopped by Hannu Toivonen without a rebound.
6:59 of 1st period - Patrice Bergeron wins face-off versus Brad Richards in Rangers zone.
7:04 of 1st period - Vitaly Vishnevsky is hit by Drew Stafford and loses puck.
7:11 of 1st period - Slapshot by B.J. Crombeen.
7:11 of 1st period - Shot Misses the Net.
7:13 of 1st period - Slapshot by Carlo Colaiacovo.
7:13 of 1st period - Shot Blocked by Cam Barker.
7:15 of 1st period - Slapshot by B.J. Crombeen.
7:15 of 1st period - Shot Blocked by Cam Barker.
8:36 of 1st period - Snap shot by Thomas Vanek.
8:36 of 1st period - Shot Misses the Net.
9:18 of 1st period - Slapshot by Thomas Vanek.
9:18 of 1st period - Stopped by Hannu Toivonen without a rebound.
9:19 of 1st period - Drew Stafford wins face-off versus Brad Richards in Rangers zone.
9:19 of 1st period - Drew Stafford is hit by B.J. Crombeen.
9:54 of 1st period - Slapshot by Milan Lucic.
9:54 of 1st period - Stopped by Ondrej Pavelec without a rebound.
9:55 of 1st period - Stephen Weiss wins face-off versus Brad Richards in Senateurs zone.
10:04 of 1st period - Backhand shot by Stephen Weiss.
10:04 of 1st period - Shot Misses the Net.
10:48 of 1st period - Backhand shot by George Parros.
10:48 of 1st period - Stopped by Hannu Toivonen with a rebound.
10:50 of 1st period - Snap shot by Vitaly Vishnevsky.
10:50 of 1st period - Deflect By Stephen Weiss.
10:50 of 1st period - Stopped by Hannu Toivonen with a rebound.
10:52 of 1st period - Wrist shot by Darcy Hordichuk.
10:52 of 1st period - Stopped by Hannu Toivonen with a rebound.
10:54 of 1st period - Slapshot by Vitaly Vishnevsky.
10:54 of 1st period - Shot Misses the Net.
10:56 of 1st period - Slapshot by Darcy Hordichuk.
10:56 of 1st period - Deflect By Brandon Dubinsky.
10:56 of 1st period - Stopped by Hannu Toivonen without a rebound.
10:57 of 1st period - Patrice Bergeron wins face-off versus Andrew Ebbett in Rangers zone.
11:12 of 1st period - Alexei Emelin is hit by Andy McDonald and loses puck.
11:38 of 1st period - Nathan Gerbe is hit by Brenden Morrow and loses puck.
12:20 of 1st period - Wrist shot by Thomas Vanek.
12:20 of 1st period - Shot Blocked by Milan Lucic.
14:30 of 1st period - Andy McDonald is hit by Milan Lucic and loses puck.
14:37 of 1st period - Milan Lucic is hit by Vitaly Vishnevsky and loses puck.
15:06 of 1st period - Wrist shot by Milan Lucic.
15:06 of 1st period - Stopped by Ondrej Pavelec without a rebound.
15:07 of 1st period - Gilbert Brule wins face-off versus Stephen Weiss in Senateurs zone.
15:13 of 1st period - Off-side.
15:14 of 1st period - Gilbert Brule wins face-off versus Stephen Weiss in neutral zone.
15:51 of 1st period - Slapshot by Dan Hamhuis.
15:51 of 1st period - Deflect By Brenden Morrow.
15:51 of 1st period - Shot Blocked by Matt Greene.
15:51 of 1st period - Puck is out of play.
15:52 of 1st period - Stephen Weiss wins face-off versus Brandon Dubinsky in Rangers zone.
16:01 of 1st period - Slapshot by Stephen Weiss.
16:01 of 1st period - Shot Blocked by Carlo Colaiacovo.
16:48 of 1st period - Snap shot by Andy McDonald.
16:48 of 1st period - Stopped by Hannu Toivonen without a rebound.
16:49 of 1st period - Stephen Weiss wins face-off versus Brad Richards in Rangers zone.
17:21 of 1st period - Snap shot by Thomas Vanek.
17:21 of 1st period - Goal by Thomas Vanek - Rangers : 0 - Senateurs : 1.
17:22 of 1st period - Patrice Bergeron wins face-off versus Gilbert Brule in neutral zone.
17:51 of 1st period - Wrist shot by Jakob Silfverberg.
17:51 of 1st period - Deflect By Stephen Weiss.
17:51 of 1st period - Stopped by Ondrej Pavelec with a rebound.
17:53 of 1st period - Wrist shot by Jakob Silfverberg.
17:53 of 1st period - Deflect By Brad Richards.
17:53 of 1st period - Shot Misses the Net.
17:53 of 1st period - Puck is out of play.
17:54 of 1st period - Brad Richards wins face-off versus Stephen Weiss in Senateurs zone.
18:08 of 1st period - Slapshot by Brenden Morrow.
18:08 of 1st period - Deflect By B.J. Crombeen.
18:08 of 1st period - Shot Misses the Net.
18:08 of 1st period - Puck is out of play.
18:09 of 1st period - Patrice Bergeron wins face-off versus Gilbert Brule in Rangers zone.
18:34 of 1st period - Brenden Morrow is hit by Mike Cammalleri and loses puck.
18:43 of 1st period - Snap shot by B.J. Crombeen.
18:43 of 1st period - Stopped by Hannu Toivonen with a rebound.
18:45 of 1st period - Minor Penalty to Jakob Silfverberg for Tripping.
18:46 of 1st period - Milan Lucic wins face-off versus Gilbert Brule in Rangers zone.
18:52 of 1st period - Off-side.
18:53 of 1st period - Milan Lucic wins face-off versus Gilbert Brule in neutral zone.
19:58 of 1st period - Snap shot by Gilbert Brule.
19:58 of 1st period - Stopped by Hannu Toivonen without a rebound.
19:59 of 1st period - Brad Richards wins face-off versus Stephen Weiss in Rangers zone.
Goals for this period are 0 for Rangers vs 1 for Senateurs.
Shots for this period are 3 for Rangers vs 15 for Senateurs.
2nd period
0:01 of 2nd period - Gilbert Brule wins face-off versus Milan Lucic in neutral zone.
0:28 of 2nd period - Snap shot by Brad Richards.
0:28 of 2nd period - Shot Blocked by Matt Greene.
0:45 of 2nd period - Penalty to Jakob Silfverberg is over, Jakob Silfverberg is back on ice.
0:48 of 2nd period - Stephen Weiss is hit by Thomas Vanek.
0:52 of 2nd period - Slapshot by Jakob Silfverberg.
0:52 of 2nd period - Deflect By Johan Franzen.
0:52 of 2nd period - Stopped by Ondrej Pavelec with a rebound.
0:54 of 2nd period - Snap shot by Stephen Weiss.
0:54 of 2nd period - Goal by Stephen Weiss - Rangers : 1 - Senateurs : 1.
0:55 of 2nd period - Patrice Bergeron wins face-off versus Gilbert Brule in neutral zone.
1:04 of 2nd period - Wrist shot by Milan Lucic.
1:04 of 2nd period - Shot Misses the Net.
1:06 of 2nd period - Slapshot by Cam Barker.
1:06 of 2nd period - Stopped by Ondrej Pavelec without a rebound.
1:07 of 2nd period - Patrice Bergeron wins face-off versus Gilbert Brule in Senateurs zone.
1:33 of 2nd period - Dan Hamhuis is hit by Matt Greene and loses puck.
1:44 of 2nd period - Snap shot by Jakob Silfverberg.
1:44 of 2nd period - Shot Blocked by Dan Hamhuis.
1:46 of 2nd period - Snap shot by Stephen Weiss.
1:46 of 2nd period - Shot Misses the Net.
2:00 of 2nd period - Brandon Dubinsky is hit by Matt Read and loses puck.
2:17 of 2nd period - Slapshot by Kurtis Foster.
2:17 of 2nd period - Shot Blocked by Bryan Young.
2:19 of 2nd period - Slapshot by Kurtis Foster.
2:19 of 2nd period - Stopped by Hannu Toivonen with a rebound.
2:27 of 2nd period - Milan Lucic is hit by Gilbert Brule and loses puck.
2:38 of 2nd period - Snap shot by Andy McDonald.
2:38 of 2nd period - Shot Misses the Net.
2:44 of 2nd period - Snap shot by Andrew Ebbett.
2:44 of 2nd period - Stopped by Hannu Toivonen with a rebound.
2:57 of 2nd period - Off-side.
2:58 of 2nd period - Brad Richards wins face-off versus Milan Lucic in neutral zone.
3:09 of 2nd period - Snap shot by Brad Richards.
3:09 of 2nd period - Shot Misses the Net.
3:25 of 2nd period - Cam Barker is hit by Johan Franzen.
3:31 of 2nd period - Snap shot by Valtteri Filppula.
3:31 of 2nd period - Stopped by Ondrej Pavelec without a rebound.
3:32 of 2nd period - Brad Richards wins face-off versus Jakob Silfverberg in Senateurs zone.
3:32 of 2nd period - Brad Richards is hit by Alexei Emelin.
3:46 of 2nd period - Snap shot by Stephen Weiss.
3:46 of 2nd period - Shot Misses the Net.
4:00 of 2nd period - Snap shot by Gilbert Brule.
4:00 of 2nd period - Stopped by Hannu Toivonen without a rebound.
4:01 of 2nd period - Gilbert Brule wins face-off versus Drew Stafford in Rangers zone.
4:26 of 2nd period - Mike Cammalleri is hit by Dan Hamhuis and loses puck.
5:19 of 2nd period - Valtteri Filppula is hit by Darcy Hordichuk and loses puck.
5:39 of 2nd period - Off-side.
5:40 of 2nd period - Thomas Vanek wins face-off versus Patrice Bergeron in neutral zone.
5:49 of 2nd period - Wrist shot by Gilbert Brule.
5:49 of 2nd period - Shot Misses the Net.
6:07 of 2nd period - Kurtis Foster is hit by Cam Barker.
6:17 of 2nd period - Slapshot by Brad Richards.
6:17 of 2nd period - Stopped by Hannu Toivonen with a rebound.
7:05 of 2nd period - Slapshot by Jakob Silfverberg.
7:05 of 2nd period - Shot Misses the Net.
7:19 of 2nd period - Slapshot by Andrew Ebbett.
7:19 of 2nd period - Stopped by Hannu Toivonen with a rebound.
7:33 of 2nd period - Snap shot by Drew Stafford.
7:33 of 2nd period - Deflect By Milan Lucic.
7:33 of 2nd period - Shot Misses the Net.
7:33 of 2nd period - Puck is out of play.
7:34 of 2nd period - Gilbert Brule wins face-off versus Patrice Bergeron in Senateurs zone.
7:36 of 2nd period - Minor Penalty to Vitaly Vishnevsky for Tripping.
7:37 of 2nd period - Gilbert Brule wins face-off versus Patrice Bergeron in Senateurs zone.
8:53 of 2nd period - Ryan Suter is hit by Carlo Colaiacovo and loses puck.
9:36 of 2nd period - Penalty to Vitaly Vishnevsky is over, Vitaly Vishnevsky is back on ice.
9:40 of 2nd period - Wrist shot by Gustav Nyquist.
9:40 of 2nd period - Shot Misses the Net.
9:42 of 2nd period - Slapshot by Gustav Nyquist.
9:42 of 2nd period - Stopped by Ondrej Pavelec without a rebound.
9:43 of 2nd period - Brad Richards wins face-off versus Matt Read in Senateurs zone.
9:43 of 2nd period - Brad Richards is hit by Bryan Young.
10:09 of 2nd period - Vladimir Mihalik is hit by Gustav Nyquist and loses puck.
10:31 of 2nd period - Wrist shot by Stephen Weiss.
10:31 of 2nd period - Deflect By Mike Cammalleri.
10:31 of 2nd period - Shot Blocked by Vladimir Mihalik.
10:31 of 2nd period - Puck is out of play.
10:32 of 2nd period - Gilbert Brule wins face-off versus Milan Lucic in Senateurs zone.
10:48 of 2nd period - Wrist shot by Thomas Vanek.
10:48 of 2nd period - Shot Blocked by Cam Barker.
11:22 of 2nd period - Slapshot by Cam Barker.
11:22 of 2nd period - Deflect By Valtteri Filppula.
11:22 of 2nd period - Stopped by Ondrej Pavelec without a rebound.
11:23 of 2nd period - Brandon Dubinsky wins face-off versus Valtteri Filppula in Senateurs zone.
12:02 of 2nd period - Off-side.
12:03 of 2nd period - Gilbert Brule wins face-off versus Patrice Bergeron in neutral zone.
12:18 of 2nd period - Backhand shot by Milan Lucic.
12:18 of 2nd period - Shot Blocked by Johan Franzen.
12:28 of 2nd period - Stephen Weiss is hit by Kurtis Foster and loses puck.
12:33 of 2nd period - Slapshot by Brenden Morrow.
12:33 of 2nd period - Deflect By Cam Barker.
12:33 of 2nd period - Goal by Brenden Morrow - Rangers : 1 - Senateurs : 2.
12:34 of 2nd period - Patrice Bergeron wins face-off versus Gilbert Brule in neutral zone.
12:37 of 2nd period - Snap shot by Cam Barker.
12:37 of 2nd period - Stopped by Ondrej Pavelec with a rebound.
12:39 of 2nd period - Slapshot by Cam Barker.
12:39 of 2nd period - Shot Blocked by Thomas Vanek.
12:41 of 2nd period - Slapshot by Matt Greene.
12:41 of 2nd period - Stopped by Ondrej Pavelec with a rebound.
12:43 of 2nd period - Wrist shot by Patrice Bergeron.
12:43 of 2nd period - Goal by Patrice Bergeron - Rangers : 2 - Senateurs : 2.
12:44 of 2nd period - Patrice Bergeron wins face-off versus Gilbert Brule in neutral zone.
13:53 of 2nd period - Wrist shot by Patrice Bergeron.
13:53 of 2nd period - Stopped by Ondrej Pavelec with a rebound.
14:25 of 2nd period - Snap shot by B.J. Crombeen.
14:25 of 2nd period - Stopped by Hannu Toivonen with a rebound.
14:35 of 2nd period - Snap shot by Brad Richards.
14:35 of 2nd period - Stopped by Hannu Toivonen with a rebound.
14:52 of 2nd period - Wrist shot by Valtteri Filppula.
14:52 of 2nd period - Shot Blocked by George Parros.
14:54 of 2nd period - Wrist shot by Matt Greene.
14:54 of 2nd period - Stopped by Ondrej Pavelec with a rebound.
14:56 of 2nd period - Slapshot by Cam Barker.
14:56 of 2nd period - Stopped by Ondrej Pavelec without a rebound.
14:57 of 2nd period - Patrice Bergeron wins face-off versus Gilbert Brule in Senateurs zone.
15:06 of 2nd period - Wrist shot by Patrice Bergeron.
15:06 of 2nd period - Shot Misses the Net.
15:08 of 2nd period - Slapshot by Staffan Kronwall.
15:08 of 2nd period - Shot Blocked by Kurtis Foster.
15:10 of 2nd period - Snap shot by Patrice Bergeron.
15:10 of 2nd period - Stopped by Ondrej Pavelec without a rebound.
15:11 of 2nd period - Gilbert Brule wins face-off versus Stephen Weiss in Senateurs zone.
15:38 of 2nd period - Ryan Suter is hit by B.J. Crombeen and loses puck.
15:43 of 2nd period - Wrist shot by Brenden Morrow.
15:43 of 2nd period - Stopped by Hannu Toivonen with a rebound.
15:45 of 2nd period - Slapshot by Vitaly Vishnevsky.
15:45 of 2nd period - Stopped by Hannu Toivonen without a rebound.
15:46 of 2nd period - Stephen Weiss wins face-off versus Gilbert Brule in Rangers zone.
16:33 of 2nd period - Snap shot by George Parros.
16:33 of 2nd period - Shot Misses the Net.
16:35 of 2nd period - Backhand shot by Darcy Hordichuk.
16:35 of 2nd period - Stopped by Hannu Toivonen without a rebound.
16:36 of 2nd period - Patrice Bergeron wins face-off versus Brandon Dubinsky in Rangers zone.
16:36 of 2nd period - Patrice Bergeron is hit by Brandon Dubinsky.
16:43 of 2nd period - Off-side.
16:44 of 2nd period - Gilbert Brule wins face-off versus Patrice Bergeron in neutral zone.
17:53 of 2nd period - Andrew Ebbett is hit by Nathan Gerbe and loses puck.
18:14 of 2nd period - Slapshot by Vitaly Vishnevsky.
18:14 of 2nd period - Deflect By Thomas Vanek.
18:14 of 2nd period - Shot Misses the Net.
18:14 of 2nd period - Puck is out of play.
18:15 of 2nd period - Gilbert Brule wins face-off versus Alexandre Bolduc in Rangers zone.
18:20 of 2nd period - Snap shot by Thomas Vanek.
18:20 of 2nd period - Deflect By Johan Franzen.
18:20 of 2nd period - Shot Misses the Net.
18:20 of 2nd period - Puck is out of play.
18:21 of 2nd period - Gilbert Brule wins face-off versus Stephen Weiss in Rangers zone.
18:30 of 2nd period - Snap shot by Gilbert Brule.
18:30 of 2nd period - Deflect By Johan Franzen.
18:30 of 2nd period - Shot Misses the Net.
18:30 of 2nd period - Puck is out of play.
18:31 of 2nd period - Gilbert Brule wins face-off versus Stephen Weiss in Rangers zone.
18:58 of 2nd period - Matt Greene is hit by Brad Richards and loses puck.
19:32 of 2nd period - Alexei Emelin is hit by Brad Richards and loses puck.
Goals for this period are 2 for Rangers vs 1 for Senateurs.
Shots for this period are 13 for Rangers vs 11 for Senateurs.
3rd period
0:01 of 3rd period - Patrice Bergeron wins face-off versus Gilbert Brule in neutral zone.
0:16 of 3rd period - Slapshot by Kurtis Foster.
0:16 of 3rd period - Stopped by Hannu Toivonen with a rebound.
0:26 of 3rd period - Kurtis Foster is hit by Stephen Weiss and loses puck.
0:53 of 3rd period - George Parros is hit by Valtteri Filppula and loses puck.
1:29 of 3rd period - Snap shot by Gilbert Brule.
1:29 of 3rd period - Stopped by Hannu Toivonen with a rebound.
1:37 of 3rd period - Snap shot by Gilbert Brule.
1:37 of 3rd period - Stopped by Hannu Toivonen with a rebound.
1:39 of 3rd period - Snap shot by Dan Hamhuis.
1:39 of 3rd period - Shot Blocked by Ryan Suter.
2:16 of 3rd period - Snap shot by Brandon Dubinsky.
2:16 of 3rd period - Stopped by Hannu Toivonen without a rebound.
2:17 of 3rd period - Gilbert Brule wins face-off versus Patrice Bergeron in Rangers zone.
2:52 of 3rd period - Snap shot by Drew Stafford.
2:52 of 3rd period - Stopped by Ondrej Pavelec with a rebound.
3:26 of 3rd period - Nathan Gerbe is hit by Andy McDonald and loses puck.
3:47 of 3rd period - Thomas Vanek is hit by Jakob Silfverberg.
3:56 of 3rd period - Alexei Emelin is hit by Johan Franzen and loses puck.
4:55 of 3rd period - Slapshot by George Parros.
4:55 of 3rd period - Stopped by Hannu Toivonen with a rebound.
4:57 of 3rd period - Backhand shot by George Parros.
4:57 of 3rd period - Shot Blocked by Cam Barker.
5:07 of 3rd period - Wrist shot by Johan Franzen.
5:07 of 3rd period - Shot Misses the Net.
5:13 of 3rd period - Kurtis Foster is hit by Jakob Silfverberg and loses puck.
5:24 of 3rd period - Brenden Morrow is hit by Patrice Bergeron and loses puck.
6:04 of 3rd period - Jakob Silfverberg is hit by Darcy Hordichuk and loses puck.
6:51 of 3rd period - Snap shot by Thomas Vanek.
6:51 of 3rd period - Deflect By Gilbert Brule.
6:51 of 3rd period - Shot Blocked by Bryan Young.
6:51 of 3rd period - Puck is out of play.
6:52 of 3rd period - Brad Richards wins face-off versus Milan Lucic in Rangers zone.
6:53 of 3rd period - Wrist shot by Brenden Morrow.
6:53 of 3rd period - Stopped by Hannu Toivonen with a rebound.
6:59 of 3rd period - Brenden Morrow is hit by Cam Barker and loses puck.
7:14 of 3rd period - Matt Greene is hit by Brandon Dubinsky and loses puck.
7:41 of 3rd period - Snap shot by Gustav Nyquist.
7:41 of 3rd period - Shot Blocked by Dan Girardi.
8:13 of 3rd period - Milan Lucic is hit by Brad Richards and loses puck.
8:38 of 3rd period - Vitaly Vishnevsky is hit by Staffan Kronwall and loses puck.
8:56 of 3rd period - Off-side.
8:57 of 3rd period - Stephen Weiss wins face-off versus Gilbert Brule in neutral zone.
9:26 of 3rd period - Wrist shot by Valtteri Filppula.
9:26 of 3rd period - Shot Misses the Net.
9:28 of 3rd period - Backhand shot by Valtteri Filppula.
9:28 of 3rd period - Shot Misses the Net.
9:54 of 3rd period - Wrist shot by Gilbert Brule.
9:54 of 3rd period - Shot Blocked by Jakob Silfverberg.
10:02 of 3rd period - Snap shot by Gilbert Brule.
10:02 of 3rd period - Shot Misses the Net.
10:04 of 3rd period - Snap shot by Johan Franzen.
10:04 of 3rd period - Shot Misses the Net.
10:06 of 3rd period - Wrist shot by Johan Franzen.
10:06 of 3rd period - Stopped by Hannu Toivonen without a rebound.
10:07 of 3rd period - Patrice Bergeron wins face-off versus Brad Richards in Rangers zone.
10:07 of 3rd period - Patrice Bergeron is hit by B.J. Crombeen.
10:23 of 3rd period - Brenden Morrow is hit by Milan Lucic and loses puck.
10:34 of 3rd period - Brenden Morrow is hit by Stephen Weiss and loses puck.
10:52 of 3rd period - Off-side.
10:53 of 3rd period - Brandon Dubinsky wins face-off versus Matt Read in neutral zone.
11:00 of 3rd period - Wrist shot by Kurtis Foster.
11:00 of 3rd period - Shot Misses the Net.
11:02 of 3rd period - Slapshot by Kurtis Foster.
11:02 of 3rd period - Shot Blocked by Bryan Young.
11:02 of 3rd period - Bryan Young from Rangers is injured at 11:02 of 3rd period (Bruised Left Shoulder).
11:03 of 3rd period - Patrice Bergeron wins face-off versus Johan Franzen in Rangers zone.
11:12 of 3rd period - Wrist shot by Patrice Bergeron.
11:12 of 3rd period - Goal by Patrice Bergeron - Rangers : 3 - Senateurs : 2.
11:13 of 3rd period - Gilbert Brule wins face-off versus Patrice Bergeron in neutral zone.
11:16 of 3rd period - Snap shot by Gilbert Brule.
11:16 of 3rd period - Shot Blocked by Matt Greene.
11:34 of 3rd period - Minor Penalty to Kurtis Foster for Tripping.
11:35 of 3rd period - Gilbert Brule wins face-off versus Patrice Bergeron in Senateurs zone.
11:48 of 3rd period - Dan Hamhuis is hit by Cam Barker and loses puck.
13:34 of 3rd period - Penalty to Kurtis Foster is over, Kurtis Foster is back on ice.
13:37 of 3rd period - Vladimir Mihalik is hit by Ryan Suter and loses puck.
13:48 of 3rd period - Wrist shot by Dan Hamhuis.
13:48 of 3rd period - Shot Blocked by Valtteri Filppula.
13:54 of 3rd period - Andrew Ebbett is hit by Staffan Kronwall and loses puck.
14:24 of 3rd period - Staffan Kronwall is hit by George Parros and loses puck.
14:39 of 3rd period - Ryan Suter is hit by Brad Richards and loses puck.
14:52 of 3rd period - Milan Lucic is hit by Johan Franzen and loses puck.
15:10 of 3rd period - Dan Girardi is hit by Matt Greene and loses puck.
15:29 of 3rd period - Matt Greene is hit by Brenden Morrow and loses puck.
15:38 of 3rd period - Slapshot by B.J. Crombeen.
15:38 of 3rd period - Stopped by Hannu Toivonen with a rebound.
15:40 of 3rd period - Slapshot by Brad Richards.
15:40 of 3rd period - Stopped by Hannu Toivonen without a rebound.
15:41 of 3rd period - Patrice Bergeron wins face-off versus Gilbert Brule in Rangers zone.
15:54 of 3rd period - Snap shot by Milan Lucic.
15:54 of 3rd period - Stopped by Ondrej Pavelec without a rebound.
15:55 of 3rd period - Patrice Bergeron wins face-off versus Brandon Dubinsky in Senateurs zone.
15:56 of 3rd period - Snap shot by Milan Lucic.
15:56 of 3rd period - Stopped by Ondrej Pavelec without a rebound.
15:57 of 3rd period - Patrice Bergeron wins face-off versus Brandon Dubinsky in Senateurs zone.
17:26 of 3rd period - Snap shot by Johan Franzen.
17:26 of 3rd period - Stopped by Hannu Toivonen without a rebound.
17:27 of 3rd period - Stephen Weiss wins face-off versus Gilbert Brule in Rangers zone.
18:45 of 3rd period - Dan Girardi is hit by Milan Lucic and loses puck.
18:54 of 3rd period - Senateurs, Ondrej Pavelec is pulled from the net.
18:54 of 3rd period - Wrist shot by Milan Hejduk.
18:54 of 3rd period - Shot Blocked by Alexei Emelin.
18:56 of 3rd period - Slapshot by Vitaly Vishnevsky.
18:56 of 3rd period - Deflect By Milan Lucic.
18:56 of 3rd period - Stopped by Hannu Toivonen with a rebound.
19:07 of 3rd period - Off-side.
19:08 of 3rd period - Larry Robinson call a timeout for Senateurs.
19:08 of 3rd period - Gilbert Brule wins face-off versus Patrice Bergeron in neutral zone.
19:19 of 3rd period - Snap shot by Gilbert Brule.
19:19 of 3rd period - Shot Blocked by Patrice Bergeron.
19:21 of 3rd period - Backhand shot by Thomas Vanek.
19:21 of 3rd period - Stopped by Hannu Toivonen without a rebound.
19:22 of 3rd period - Gilbert Brule wins face-off versus Patrice Bergeron in Rangers zone.
19:23 of 3rd period - Wrist shot by Thomas Vanek.
19:23 of 3rd period - Shot Misses the Net.
19:25 of 3rd period - Wrist shot by Johan Franzen.
19:25 of 3rd period - Stopped by Hannu Toivonen with a rebound.
19:27 of 3rd period - Wrist shot by Johan Franzen.
19:27 of 3rd period - Stopped by Hannu Toivonen with a rebound.
19:33 of 3rd period - Snap shot by Dan Hamhuis.
19:33 of 3rd period - Stopped by Hannu Toivonen with a rebound.
19:35 of 3rd period - Slapshot by Johan Franzen.
19:35 of 3rd period - Shot Blocked by Milan Lucic.
19:44 of 3rd period - Minor Penalty to Cam Barker for Tripping.
19:45 of 3rd period - Gilbert Brule wins face-off versus Milan Lucic in Rangers zone.
Goals for this period are 1 for Rangers vs 0 for Senateurs.
Shots for this period are 4 for Rangers vs 15 for Senateurs.
Back to the Top